Map: Blackpink LE

Players

Lillekanin

  • Race: Terran Terran
  • Spawn Location: 7:00

Bly - Winner!

  • Race: Zerg Zerg
  • Spawn Location: 1:00

Event: IEM Season 12 - Katowice

VOD

Have the link to the VOD?

Description

Time

  • Played on: Feb. 26, 2018, 5:19 a.m.
  • Length: 10:51

All games in this series

Show
View Real Time Build Order
Export as new Build Order

Lillekanin Terran 

Build Orders: Gas First Reaper Expand, Reaper Expand, Mech 

Get SALT Encoding   

  12  0:00  SCV  
  13  0:12  SCV  
  14  0:17  Supply Depot  
  14  0:24  SCV  
  15  0:31  Refinery  
  15  0:39  SCV  
  16  0:44  Barracks  
  16  0:51  SCV  
  17  1:03  SCV  
  18  1:15  SCV  
  19  1:31  Reaper, Orbital Command  
  20  1:46  Command Center  
  20  1:58  Factory  
  20  2:01  SCV  
  21  2:08  Barracks Reactor  
  22  2:15  SCV  
  22  2:19  Supply Depot  
  22  2:24  Refinery  
  22  2:27  SCV  
  23  2:41  SCV  
  24  2:44  Bunker  
  24  2:46  Marine x2  
  24  2:50  Starport  
  26  2:53  SCV  
  27  3:02  Orbital Command  
  27  3:04  Marine  
  28  3:06  Marine  
  29  3:17  Cyclone  
  29  3:19  SCV  
  33  3:28  Starport Tech Lab  
  33  3:31  SCV x2  
  33  3:33  Marine  
  36  3:43  Supply Depot, SCV x2  
  38  3:49  Banshee  
  38  3:55  SCV  
  43  4:05  Hellion x2  
  43  4:07  SCV  
  43  4:09  SCV  
  48  4:19  SCV  
  48  4:20  Command Center  
  48  4:21  SCV  
  50  4:27  Cyclone  
  52  4:31  SCV  
  52  4:33  SCV  
  52  4:35  Cyclone  
  52  4:37  Viking  
  59  4:42  Supply Depot  
  59  4:44  SCV  
  60  4:50  SCV  
  61  4:53  Supply Depot  
  61  4:56  SCV  
  62  5:04  SCV, Armory  
  62  5:05  Refinery  
  62  5:06  Refinery  
  63  5:08  SCV  
  62  5:16  SCV  
  62  5:17  Hellion x2  
  62  5:21  SCV  
  66  5:28  SCV  
  66  5:33  SCV  
  66  5:35  Factory  
  68  5:37  Factory  
  68  5:40  Armory  
  68  5:42  Engineering Bay  
  68  5:44  SCV  
  68  5:45  Barracks Tech Lab  
  68  5:49  SCV  
  68  5:51  Orbital Command  
  67  5:58  Terran Vehicle Weapons Level 1  
  67  6:05  SCV  
  68  6:19  Starport Reactor  
  66  6:29  Thor  
  66  6:30  Command Center  
  66  6:31  Thor  
  66  6:32  Missile Turret, SCV  
  77  6:33  SCV  
  77  6:35  SCV  
  77  6:38  Missile Turret  
  79  6:43  Terran Vehicle And Ship Armor Level 1  
  79  6:49  Missile Turret  
  79  6:51  Missile Turret  
  79  6:52  Missile Turret  
  79  6:53  Hellion x2  
  79  6:54  SCV  
  84  6:55  SCV  
  84  6:57  SCV  
  86  7:04  Viking  
  86  7:06  SCV  
  86  7:07  SCV  
  90  7:09  SCV  
  91  7:18  SCV  
  91  7:19  SCV  
  91  7:22  Siege Tank  
  80  7:37  Siege Tank  
  80  7:42  SCV  
  83  7:45  SCV  
  83  7:51  SCV  
  76  7:54  Hellion x2, Siege Tank  
  76  7:55  SCV  
  76  7:57  SCV  
  84  8:03  SCV  
  84  8:05  Supply Depot  
  85  8:07  Supply Depot, SCV  
  85  8:09  Supply Depot, SCV, Hellion, Refinery  
  85  8:10  Refinery  
  89  8:15  SCV  
  89  8:19  SCV  
  91  8:20  Hellion x2  
  91  8:23  Factory  
  91  8:26  Siege Tank  
  98  8:31  Hellion  
  77  8:42  Hellion x2  
  77  8:46  SCV x3  
  73  8:52  Siege Tank  
  67  8:58  SCV x3, Siege Tank  
  72  9:03  Hellion x2  
  76  9:10  Supply Depot  
  76  9:11  Factory Tech Lab  
  76  9:15  SCV  
  77  9:19  SCV  
  77  9:22  SCV  
  79  9:24  Hellion  
  79  9:27  SCV  
  79  9:30  Siege Tank  
  85  9:31  SCV  
  85  9:34  SCV  
  85  9:38  Siege Tank  
  85  9:39  Hellion x2, SCV  
  85  9:43  SCV  
  93  9:50  Factory  
  93  9:52  SCV  
  94  9:53  SCV  
  94  9:55  SCV  
  92  10:01  Siege Tank  
  92  10:04  SCV  
  92  10:05  SCV  
  97  10:07  SCV  
  94  10:16  SCV  
  94  10:17  SCV  
  94  10:20  SCV  
  104  10:28  SCV  
  104  10:29  SCV  
  104  10:32  SCV  
Show
View Real Time Build Order
Export as new Build Order

Bly Zerg - Winner!

Build Orders: Pool First, Roach Hydra 

Get SALT Encoding   

  12  0:01  Drone  
  13  0:14  Overlord  
  13  0:17  Drone  
  14  0:32  Drone x2  
  16  0:36  Drone  
  17  0:47  Spawning Pool  
  17  0:49  Drone  
  17  1:09  Hatchery  
  16  1:11  Drone  
  17  1:21  Extractor  
  17  1:22  Drone  
  17  1:24  Drone  
  18  1:35  Queen  
  18  1:37  Zergling x2  
  21  1:45  Overlord  
  21  1:52  Drone  
  22  2:05  Drone  
  23  2:11  Queen  
  25  2:16  Drone  
  25  2:21  Drone, Queen  
  29  2:24  Drone  
  30  2:32  Drone  
  30  2:34  Drone  
  30  2:36  Metabolic Boost  
  32  2:47  Hatchery  
  32  2:49  Drone x2  
  33  2:53  Drone  
  33  2:56  Overlord  
  34  3:05  Drone x2  
  36  3:14  Drone x2  
  36  3:17  Drone x2  
  36  3:18  Drone  
  41  3:20  Drone x2  
  43  3:30  Overlord  
  43  3:33  Queen, Extractor  
  44  3:40  Roach Warren  
  44  3:43  Extractor  
  44  3:44  Drone  
  44  3:49  Drone x2  
  44  3:50  Drone  
  44  3:52  Drone x5  
  52  3:59  Drone  
  52  4:02  Lair  
  53  4:07  Overlord  
  53  4:11  Overlord  
  53  4:24  Drone x4  
  53  4:25  Drone  
  53  4:27  Drone x2  
  53  4:30  Extractor  
  53  4:31  Evolution Chamber  
  58  4:32  Drone x3  
  58  4:34  Drone x4  
  65  4:42  Overlord  
  65  4:50  Overlord x2  
  66  4:52  Drone  
  66  4:53  Drone x2  
  66  4:54  Extractor  
  66  4:55  Extractor  
  66  4:57  Roach x3  
  66  4:59  Glial Reconstitution  
  71  5:01  Overseer  
  71  5:04  Spore Crawler, Overseer  
  71  5:06  Hatchery  
  67  5:16  Spore Crawler  
  67  5:18  Drone x5  
  70  5:22  Drone x3, Zerg Missile Weapons Level 1  
  70  5:25  Infestation Pit  
  72  5:33  Drone x3  
  72  5:34  Drone  
  76  5:42  Extractor  
  75  5:46  Overlord  
  75  5:47  Drone x3  
  78  5:53  Drone x2  
  78  5:56  Roach x3  
  86  5:59  Roach  
  86  6:01  Overlord  
  86  6:03  Overlord x2  
  86  6:04  Overlord  
  88  6:12  Ravager x3  
  88  6:14  Roach x3  
  88  6:15  Hive  
  97  6:18  Hydralisk Den  
  97  6:21  Roach x4  
  101  6:27  Roach x3  
  101  6:31  Roach  
  101  6:32  Roach x4  
  117  6:33  Overlord  
  117  6:34  Overlord  
  117  6:37  Overlord  
  117  6:44  Overlord  
  117  6:50  Muscular Augments  
  117  6:58  Hydralisk  
  117  6:59  Hydralisk x6  
  117  7:00  Drone  
  132  7:01  Overlord  
  132  7:09  Hydralisk x3  
  132  7:13  Overlord  
  123  7:30  Roach  
  123  7:31  Roach x7  
  133  7:39  Drone x10  
  135  7:51  Roach  
  135  7:52  Roach x7  
  142  8:03  Grooved Spines  
  142  8:04  Hydralisk x5  
  152  8:08  Viper  
  152  8:12  Drone x3  
  158  8:13  Extractor  
  158  8:14  Extractor  
  158  8:19  Zerg Missile Weapons Level 2  
  156  8:23  Overlord  
  156  8:25  Overlord  
  156  8:26  Roach x5  
  166  8:27  Overlord  
  139  8:42  Hydralisk x6  
  135  8:48  Hydralisk x2  
  129  8:58  Hydralisk x3  
  129  9:02  Roach x3  
  135  9:05  Roach  
  137  9:13  Hydralisk x2  
  137  9:16  Drone  
  137  9:17  Drone x8  
  147  9:23  Hydralisk  
  152  9:25  Spine Crawler  
  152  9:27  Hatchery  
  150  9:31  Roach  
  150  9:32  Roach x2  
  150  9:39  Hydralisk x6  
  162  9:46  Viper  
  162  9:47  Overlord  
  161  9:58  Hydralisk x7  
  175  10:08  Roach  
  175  10:09  Roach x6  
  189  10:17  Spire  
  188  10:24  Roach x4  
  188  10:26  Overlord  

Tags
 
Add a new tag
Caveats
  • Supply blocks, unpowered buildings, or Contaminate may cause inaccurate times.
  • Supply counts are checked every 10 seconds.